 Dungeon Crawl Stone Soup version 0.28-a0-445-g51f8dfeb47 (webtiles) character file.

Game seed: 15344721352395925388

10193 fcjeas the Geomancer (level 11, -9/62 HPs)
             Began as a Gargoyle Earth Elementalist on Sept 12, 2021.
             Was a High Priest of Okawaru.
             Mangled by a death yak (20 damage)
             ... in the Arena.
             The game lasted 00:28:13 (13521 turns).

fcjeas the Geomancer (Gargoyle Earth Elementalist) Turns: 13521, Time: 00:28:14

Health: -9/62      AC: 20    Str: 11    XL:     11   Next: 58%
Magic:  6/22       EV: 12    Int: 20    God:    Okawaru [*****.]
Gold:   1468       SH:  0    Dex: 10    Spells: 21/25 levels left

rFire   . . .      SeeInvis .   D - +2 rapier (speed)
rCold   + . .      Faith    +   (no shield)
rNeg    + . .      Spirit   .   f - +2 leather armour {rC+}
rPois   ∞          Reflect  .   l - +2 helmet
rElec   +          Harm     .   h - +2 cloak
rCorr   .          Rampage  .   (no gloves)
Will    .....                   (no boots)
Stlth   ++........              k - amulet of faith
HPRegen 0.20/turn               (no ring)
MPRegen 0.18/turn               (no ring)

@: duelling
A: sickness immunity, AC +8, negative energy resistance 1, electricity
resistance, torment resistance 1, petrification resistance
a: Renounce Religion, Heroism, Finesse, Duel


You were in the Arena.
You worshipped Okawaru.
Okawaru was extremely pleased with you.
You visited 2 branches of the dungeon, and saw 12 of its levels.

You collected 1696 gold pieces.
You spent 228 gold pieces at shops.

Inventory:

Hand Weapons
 D - a +2 rapier of speed (weapon)
 E - a +1 eveningstar of flaming
Missiles
 c - 365 stones
 v - a throwing net
Armour
 e - a +0 helmet of see invisible
 f - a +2 leather armour of cold resistance (worn)
 h - a +2 cloak (worn)
 l - a +2 helmet (worn)
Jewellery
 i - a ring of ice
 k - an amulet of faith (around neck)
Wands
 j - a wand of polymorph (1)
 t - a wand of flame (24)
 w - a wand of paralysis (4)
 B - a wand of mindburst (6)
Scrolls
 a - 3 scrolls of fear
 m - 2 scrolls of magic mapping
 r - 2 scrolls of blinking
 C - 2 scrolls of amnesia
 H - a scroll of teleportation
Potions
 b - 3 potions of brilliance
 d - 2 potions of invisibility
 g - 2 potions of flight
 n - a potion of haste
 o - 3 potions of lignification
 p - 5 potions of curing
 q - 2 potions of might
 s - 2 potions of attraction
 u - 3 potions of heal wounds
 x - a potion of berserk rage
 z - a potion of cancellation {unknown}
 A - 2 potions of magic
 G - a potion of mutation {unknown}
Miscellaneous
 F - a condenser vane (inert)


   Skills:
 + Level 4.6 Fighting
 + Level 4.2 Maces & Flails
 + Level 4.7 Armour
 + Level 4.0 Dodging
 - Level 2.1 Stealth
 + Level 7.9 Spellcasting
 + Level 8.7 Conjurations
 - Level 0.7 Transmutations
 + Level 10.4 Earth Magic
 + Level 4.7 Invocations
 + Level 3.9 Evocations


You had 21 spell levels left.
You knew the following spells:

 Your Spells              Type           Power      Damage    Failure   Level
a - Sandblast             Erth           98%        2d20      1%          1
b - Stone Arrow           Conj/Erth      92%        3d12      1%          3

Your spell library contained the following spells:

 Spells                   Type           Power      Damage    Failure   Level
 Passwall                 Tmut/Erth      25%        N/A       1%          2
 Conjure Flame            Conj/Fire      25%        6-21      5%          3
 Freeze                   Ice            28%        1d5       11%         1
 Pain                     Necr           28%        1d5       11%         1
 Petrify                  Tmut/Erth      30%        N/A       11%         4
 Ensorcelled Hibernation  Hex/Ice        14%        N/A       17%         2
 Hailstorm                Conj/Ice       25%        3d7       19%         4
 Sticky Flame             Conj/Fire      25%        2d5       19%         4
 Ignite Poison            Fire/Tmut/Pois 8%         N/A       30%         3
 Frozen Ramparts          Ice            14%        1d3       32%         3
 Vampiric Draining        Necr           3%         2d6       32%         3
 Animate Skeleton         Necr           Unusable   N/A       N/A         1
 Tukima's Dance           Hex            Unusable   N/A       N/A         3

Dungeon Overview and Level Annotations

Branches:
Dungeon (11/15)            Temple (1/1) D:5            Lair (0/6) D:11
    Orc (0/2) D:10

Altars:
Ashenzari
Cheibriados
Dithmenos
Elyvilon
Fedhas
Gozag
Hepliaklqana
Kikubaaqudgha
Makhleb
Nemelex Xobeh
Okawaru
Qazlal
Ru
Sif Muna
Trog
Uskayaw
Vehumet
Wu Jian
Xom
Yredelemnul
Zin
The Shining One
Beogh

Shops:
D:3 !   D:9 *[?=(


Innate Abilities, Weirdness & Mutations

You are immune to sickness and miasma.
Your stone body is resilient. (AC +8)
You are immune to poison.
You resist negative energy. (rN+)
You are resistant to electric shocks. (rElec)
You are resistant to unholy torment.
You are immune to petrification.


Message History

Press: ? - help, Dir - move target, f - death yak
Aim: a death yak You enter into single combat with the death yak!
The world spins around you as you enter the gateway.
You enter Okawaru's Arena!
The spectator shouts!
The death yak gores you.
* * * LOW HITPOINT WARNING * * *
Found a gate leading back out of this place.
There is an empty arch of ancient stone here.
Unknown command.
Unknown command.
Unknown command.
Casting: Stone Arrow (safe; 1% risk of failure)
Confirm with . or Enter, or press ? or * to list all spells.
Aiming: Stone Arrow (safe; 1% risk of failure)
Press: ? - help, Shift-Dir - straight line, f - death yak
Aim: a death yak (92% to hit)
The stone arrow hits the death yak!!
The death yak is moderately wounded.
The spectator shouts! x5
The death yak closely misses you.
Casting: Stone Arrow (safe; 1% risk of failure)
Confirm with . or Enter, or press ? or * to list all spells.
Aiming: Stone Arrow (safe; 1% risk of failure)
Press: ? - help, Shift-Dir - straight line, f/p - death yak
Aim: a death yak (moderately wounded, 92% to hit)
The stone arrow hits the death yak!
The death yak is heavily wounded.
The death yak barely misses you.
Casting: Stone Arrow (safe; 1% risk of failure)
Confirm with . or Enter, or press ? or * to list all spells.
Aiming: Stone Arrow (safe; 1% risk of failure)
Press: ? - help, Shift-Dir - straight line, f/p - death yak
Aim: a death yak (heavily wounded, 92% to hit)
The stone arrow hits the death yak!!
The death yak is severely wounded.
The death yak gores you!!
You die...
Okawaru crowns the death yak victorious!

###############
#...p.p▓pp....#
#▓▓▓▓▓▓▓▓▓▓▓▓▓#
#.............#
#.8...Y@....8.#
#.............#
#▓▓▓▓▓▓▓▓▓▓▓▓▓#
#.p▓.p▓∩▓p.▓p.#
###############


You could see a death yak and 8 spectators.

Vanquished Creatures
  Harold (D:10)
  2 centaur warriors
  3 two-headed ogres
  An obsidian statue (D:11)
  An orc knight (D:10)
  A cyclops (D:8)
  A troll (D:8)
  A hornet (D:7)
  A wraith (D:10)
  4 yaks
  A wyvern (D:9)
  A fire bat (D:4)
  2 steam dragons
  An acid dragon (D:10)
  A black bear (D:6)
  3 necrophages
  An orc warrior (D:10)
  6 ogres
  3 centaurs
  3 phantoms
  A kobold brigand (D:7)
  4 bullfrogs
  A wyvern zombie (D:7)
  Dowan (D:4)
  A scorpion (D:5)
  A water moccasin zombie (D:6)
  A water moccasin skeleton (D:5)
  2 howler monkeys (D:8)
  5 wights (D:10)
  A centaur zombie (D:7)
  3 hounds
  A jelly (D:5)
  4 orc priests
  A centaur skeleton (D:7)
  2 iguanas
  Crazy Yiuf (D:6)
  Ijyb (D:4)
  5 orc wizards
  Natasha (thrice) (D:2)
  A hound zombie (D:5)
  3 howler monkey zombies
  Robin (D:4)
  A howler monkey skeleton (D:4)
  6 adders
  A river rat (D:4)
  2 shadow imps
  A white imp (D:6)
  2 worms (D:2)
  2 dart slugs (D:2)
  24 orcs
  5 endoplasms
  3 giant cockroaches
  11 goblins
  7 hobgoblins
  4 jackals (D:4)
  5 quokkas
  7 ball pythons
  4 bats
  3 frilled lizards
  7 kobolds
  5 rats
182 creatures vanquished.

Vanquished Creatures (others)
  A fungus (D:6)
  6 plants (D:4)
7 creatures vanquished.

Grand Total: 189 creatures vanquished

Notes
Turn   | Place    | Note
-------+----------+-------------------------------------------
     0 | D:1      | fcjeas the Gargoyle Earth Elementalist began the quest for
                  | the Orb.
     0 | D:1      | Reached XP level 1. HP: 10/10 MP: 3/3
   151 | D:1      | Found a faded altar of an unknown god.
   180 | D:1      | Became a worshipper of Warmaster Okawaru
   180 | D:1      | Reached * piety under Okawaru
   475 | D:1      | Reached XP level 2. HP: 15/15 MP: 5/5
   484 | D:1      | Reached skill level 4 in Earth Magic
  1358 | D:2      | Reached XP level 3. HP: 17/19 MP: 2/7
  1362 | D:2      | Learned a level 3 spell: Stone Arrow
  1438 | D:2      | Found a hazy altar of Hepliaklqana.
  1861 | D:2      | Noticed Natasha
  1866 | D:2      | Killed Natasha
  1867 | D:2      | Reached skill level 1 in Conjurations
  1867 | D:2      | Reached XP level 4. HP: 24/24 MP: 4/8
  1908 | D:2      | Noticed Natasha
  1911 | D:2      | Killed Natasha
  2264 | D:2      | Noticed Natasha
  2271 | D:2      | Killed Natasha
  2272 | D:2      | Reached skill level 5 in Earth Magic
  2272 | D:2      | Reached XP level 5. HP: 28/28 MP: 5/9
  2539 | D:3      | Found a sacrificial altar of Ru.
  3014 | D:3      | Found Cubepn's Distillery.
  3024 | D:3      | Bought a potion of curing for 42 gold pieces
  3024 | D:3      | Bought a potion of might for 56 gold pieces
  3435 | D:4      | Noticed a phantom
  3443 | D:4      | Killed a phantom
  3443 | D:4      | Reached ** piety under Okawaru
  3444 | D:4      | Reached XP level 6. HP: 32/32 MP: 7/11
  3609 | D:4      | Noticed Duvessa
  3609 | D:4      | Noticed Dowan
  3619 | D:4      | Noticed Duvessa
  3619 | D:4      | Duvessa changed into Duvessa the fire bat
  3621 | D:4      | Killed Duvessa the fire bat
  3622 | D:4      | Reached skill level 6 in Earth Magic
  3622 | D:4      | Reached XP level 7. HP: 28/36 MP: 9/13
  3623 | D:4      | Killed Dowan
  3863 | D:4      | Noticed Blork the orc
  3879 | D:4      | Noticed Blork
  3879 | D:4      | Blork the orc changed into Blork the river rat
  3882 | D:4      | Killed Blork the river rat
  3988 | D:4      | Noticed Ijyb
  4000 | D:4      | Killed Ijyb
  4297 | D:4      | Noticed Robin
  4318 | D:4      | Killed Robin
  4869 | D:5      | Entered Level 5 of the Dungeon
  4904 | D:5      | Reached *** piety under Okawaru
  4905 | D:5      | Reached skill level 7 in Earth Magic
  5063 | D:5      | Reached skill level 5 in Spellcasting
  5081 | D:5      | Reached skill level 5 in Conjurations
  5081 | D:5      | Reached XP level 8. HP: 41/41 MP: 5/15
  5191 | D:5      | Found a staircase to the Ecumenical Temple.
  5208 | Temple   | Entered the Ecumenical Temple
  5746 | D:5      | Found an ornate altar of the Wu Jian Council.
  5969 | D:5      | Reached skill level 8 in Earth Magic
  6110 | D:6      | Noticed a yak
  6112 | D:6      | Noticed a yak
  6113 | D:6      | Noticed a yak
  6125 | D:5      | Killed a yak
  6132 | D:5      | Killed a yak
  6132 | D:5      | Reached **** piety under Okawaru
  6443 | D:6      | Reached XP level 9. HP: 29/45 MP: 13/18
  6574 | D:6      | Found a bloodstained altar of Trog.
  6718 | D:6      | Found a shadowy altar of Dithmenos.
  6744 | D:6      | Reached skill level 9 in Earth Magic
  6929 | D:6      | Noticed a two-headed ogre
  6935 | D:6      | Killed a two-headed ogre
  6935 | D:6      | Reached ***** piety under Okawaru
  6936 | D:6      | Reached skill level 1 in Fighting
  6936 | D:6      | Reached skill level 1 in Maces & Flails
  6936 | D:6      | Reached skill level 1 in Armour
  6936 | D:6      | Reached skill level 1 in Invocations
  6936 | D:6      | Reached skill level 1 in Evocations
  7153 | D:6      | Found a white marble altar of Elyvilon.
  7539 | D:6      | Received a gift from Okawaru
  7662 | D:6      | Found a runed translucent door.
  7663 | D:6      | Noticed Crazy Yiuf
  7667 | D:6      | Killed Crazy Yiuf
  7995 | D:7      | Noticed a hornet
  7997 | D:7      | Killed a hornet
  7998 | D:7      | Reached XP level 10. HP: 53/53 MP: 13/20
  9027 | D:8      | Found a glowing golden altar of the Shining One.
  9096 | D:8      | Noticed a centaur warrior
  9104 | D:8      | Killed a centaur warrior
  9608 | D:8      | Noticed a cyclops
  9615 | D:8      | Killed a cyclops
 10569 | D:9      | Noticed a two-headed ogre
 10573 | D:9      | Killed a two-headed ogre
 10574 | D:9      | Reached skill level 10 in Earth Magic
 10659 | D:9      | Found Mamuxil's General Store.
 10667 | D:9      | Bought a potion of heal wounds for 70 gold pieces
 10668 | D:9      | Noticed a centaur warrior
 10679 | D:9      | Killed a centaur warrior
 10679 | D:9      | Received a gift from Okawaru
 10680 | D:9      | Reached XP level 11. HP: 18/60 MP: 4/22
 10971 | D:9      | Found Kuev's Armour Boutique.
 10987 | D:9      | Found Toygaaz's Magic Scroll Shoppe.
 10994 | D:9      | Bought a scroll of identify for 30 gold pieces
 10994 | D:9      | Bought a scroll of identify for 30 gold pieces
 11081 | D:9      | Found a snail-covered altar of Cheibriados.
 11144 | D:9      | Found Ciukhal's Antique Weapon Shop.
 11234 | D:9      | Noticed a two-headed ogre
 11240 | D:9      | Killed a two-headed ogre
 11240 | D:9      | Received a gift from Okawaru
 11441 | D:9      | Found Oggi Iwkeng's Jewellery Shoppe.
 11782 | D:10     | Entered Level 10 of the Dungeon
 11803 | D:10     | Noticed Harold
 11814 | D:10     | Killed Harold
 12157 | D:10     | You fall into a shaft and drop 1 floor!
 12175 | D:11     | Noticed an obsidian statue
 12188 | D:11     | Killed an obsidian statue
 12497 | D:10     | Found a staircase to the Orcish Mines.
 12710 | D:10     | Found a runed translucent door.
 12729 | D:10     | Noticed an orc knight
 12754 | D:10     | Killed an orc knight
 12996 | D:10     | Identified a scroll of acquirement
 12996 | D:10     | Acquired 1018 gold pieces
 13508 | D:11     | Noticed a death yak
 13514 | D:11     | Noticed a death yak
 13515 | D:11     | Noticed a death yak
 13518 | Arena    | Entered the Arena
 13521 | Arena    | Mangled by a death yak

Illustrated notes

Levels and vault maps discovered:
D:1:      erik_arrival_triangle_small, layout_basic,
          ebering_ecumenical_altar_sacrificial, serial_glass, glass_columns_a,
          glass_columns_b, glass_columns_a, glass_columns_a, glass_columns_a,
          glass_columns_a, glass_columns_a, glass_columns_c
D:2:      minmay_door_path, layout_basic, basic_altar, uniq_natasha
D:3:      layout_basic, old_standard_altar, serial_shops, shop, hex_medium,
          minmay_fractal_squares_diagonal_5
D:4:      layout_basic, serial_bayou, serial_bayou_pond_e, serial_bayou_shore_a,
          serial_bayou_lagoon_a, serial_bayou_shore_b,
          chequers_decorated_corner, kennysheep_generic_room_16, uniq_robin,
          uniq_blork_the_orc, uniq_ijyb, uniq_duvessa
D:5:      layout_rooms, mainiacjoe_overflow_six_doors_small,
          minmay_temple_entry_waves
D:6:      layout_basic, trog_three_pillars_becter,
          mainiacjoe_overflow_small_starburst, mainiacjoe_overflow_boulevard,
          uniq_crazy_yiuf_cottage
D:7:      layout_loops_ring
D:8:      layout_basic, tso_altar, hangedman_minor_gate_pass
D:9:      layout_stronghold, mainiacjoe_overflow_brackets, serial_shops, shop,
          nicolae_shop_stone, nicolae_stop_n_shop_1, kennysheep_little_box, shop
D:10:     layout_basic, orc_0_dummy, lightli_church_of_beogh, uniq_harold
D:11:     layout_big_octagon, dpeg_lair_monsters,
          portal_ice_cave_entry_pillars_1, gauntlet_entry_generic, serial_shops,
          nicolae_stop_n_shop_1, minmay_statue_bubble
Temple:   regret_index_temple_generic_petals
Arena

Skill      XL: |  1  2  3  4  5  6  7  8  9 10 11 |
---------------+----------------------------------+-----
Earth Magic    | 4 5 6 7 8 9 10 | 10.4
Spellcasting   | 3 4 5 6 7 |  7.9
Conjurations   | 1 2 3 5 6 7 8 |  8.7
Fighting       | 2 3 4 |  4.6
Maces & Flails | 2 3 4 |  4.2
Armour         | 2 3 4 |  4.7
Dodging        | 2 3 4 |  4.0
Invocations    | 2 3 4 |  4.7
Evocations     | 1 3 |  3.9
Stealth        | |  2.1
Transmutations | |  0.7

Action                   |  1- 3 |  4- 6 |  7- 9 | 10-12 || total
-------------------------+-------+-------+-------+-------++-------
Melee: Unarmed           |     5 |       |       |       ||     5
       Dagger            |    45 |    78 |   228 |   122 ||   473
       Rapier            |       |       |       |    85 ||    85
 Cast: Sandblast         |    21 |    25 |    43 |    17 ||   106
       Stone Arrow       |       |       |    50 |    64 ||   114
Invok: Duel              |       |       |       |     1 ||     1
Evoke: Wand              |       |     7 |     1 |    11 ||    19
       Condenser vane    |       |       |       |     1 ||     1
  Use: Scroll            |     7 |     5 |     5 |    11 ||    28
 Stab: Sleeping          |       |     3 |       |       ||     3
Armor: Robe              |    13 |       |       |       ||    13
       Leather armour    |     7 |    32 |   124 |   172 ||   335
Dodge: Dodged            |    20 |    38 |   169 |   195 ||   422

Table legend: (Time is in decaauts)
 A = Elapsed time spent in this place.
 B = Non-inter-level travel time spent in this place.
 C = Inter-level travel time spent in this place.
 D = Time resting spent in this place.
 E = Time spent auto-exploring this place.
 F = Levels seen in this place.
 G = Mean time per level.
                   A        B        C        D        E       F      G
               +--------+--------+--------+--------+--------+-----+--------+
         Total |  13527 |  13072 |    455 |    489 |  10772 |  13 | 1040.5 |
       Dungeon |  13284 |  12864 |    420 |    489 |  10577 |  11 | 1207.6 |
        Temple |    239 |    204 |     35 |      0 |    195 |   1 |  239.0 |
         Arena |      2 |      2 |      0 |      0 |      0 |   1 |    2.0 |
               +--------+--------+--------+--------+--------+-----+--------+

Top non-repeatable levels by time:
     D:8: 1625 daAuts
     D:9: 1561 daAuts
     D:6: 1508 daAuts
     D:4: 1484 daAuts
    D:10: 1454 daAuts
     D:1: 1311 daAuts
     D:2: 1128 daAuts
     D:5: 1119 daAuts
     D:7: 1053 daAuts
     D:3: 965 daAuts
  Temple: 239 daAuts
    D:11: 71 daAuts
   Arena: 2 daAuts
